cohdb
Replays
Latest Replays
All Replays
Popular Replays
Top Player Replays
Match Explorer
How It Works
Community
CoH3 Stats
Reddit
Sign in to upload your games and track your stats! →
Sign in with Steam
Match 44148124
Unlisted
Match 44148124
Overview
Messages
Build Orders
End
Kradschützen Motorcycle Team
Selects Italian Combined Arms Battlegroup
Selects Bersaglieri Squad
Bersaglieri Squad
Bersaglieri Squad
Bersaglieri Squad
Construct Light Support Kompanie
Construct Mechanized Kompanie
Selects Bersaglieri Bolster
Support Armor Elements
Selects Breda Model 30 Light Machine Guns
Pak 38 Mechanized Group
StuG III D Assault Gun
2.5-tonne Medical Truck
Vehicle Survival Package
Marder III Tank Destroyer
Marder III Tank Destroyer
Selects Semovente da 75/18 Assault Gun
Selects Strafing Run
Emergency Repair Kits
Bersaglieri Squad
Bersaglieri Squad
Construct Panzerarmee Kommand
Bersaglieri Squad
Selects Artillery Cover
Marder III Tank Destroyer
Symbiosis
*Mule
[0w0]ClaudiaEnfield
⚓️Ruby⚓
0
0
Comments
sign in to comment!
No comments posted yet!